 Dungeon Crawl Stone Soup version 0.30-a0-1066-g63dfefce0d (webtiles) character file.

Game seed: 5166922853542388044

93 Arzdou the Chopper (level 4, -7/40 HPs)
             Began as a Hill Orc Fighter on Apr 12, 2023.
             Killed from afar by GrimJard's ghost (9 damage)
             ... with a magic dart
             ... on level 3 of the Dungeon.
             The game lasted 00:03:04 (1465 turns).

Arzdou the Chopper (Hill Orc Fighter)               Turns: 1465, Time: 00:03:05

Health: -7/40      AC: 10    Str: 20    XL:     4   Next: 61%
Magic:  4/4        EV:  9    Int:  8    God:
Gold:   66         SH:  4    Dex: 10    Spells: 3/3 levels left

rFire   . . .      SeeInvis .    a - +0 war axe
rCold   . . .      Faith    .    c - +0 buckler
rNeg    . . .      Spirit   .    b - +0 scale mail
rPois   .          Reflect  .    (no helmet)
rElec   .          Rampage  .    p - +2 cloak
rCorr   .                        (no gloves)
Will    .....                    (no boots) Stlth
                                 (no amulet)
HPRegen 0.26/turn                (no ring)
MPRegen 0.09/turn                (no ring)

@: no status effects
A: no striking features
a: no special abilities


You were on level 3 of the Dungeon.
You visited 1 branch of the dungeon, and saw 3 of its levels.

You collected 66 gold pieces.

Inventory:

Hand Weapons
 a - a +0 war axe (weapon)
Missiles
 g - a throwing net (quivered)
Armour
 b - a +0 scale mail (worn)
 c - a +0 buckler (worn)
 p - a +2 cloak (worn)
Scrolls
 e - a scroll of blinking {unknown}
 h - a scroll of immolation {unknown}
 i - 3 scrolls of identify {unknown}
 k - a scroll of noise {unknown}
 q - a scroll of teleportation {unknown}
 t - a scroll of enchant weapon {unknown}
Potions
 d - 2 potions of might
 f - 5 potions of curing {unknown}
 j - a potion of invisibility {unknown}
 l - 2 potions of lignification {unknown}
 m - 2 potions of flight {unknown}
 n - a potion of brilliance {unknown}
 o - a potion of ambrosia {unknown}
 r - a potion of attraction {unknown}
 s - a potion of berserk rage {unknown}


   Skills:
 + Level 4.1 Fighting
 + Level 4.7 Axes
 + Level 3.8 Armour
 + Level 0.1 Dodging
 + Level 0.1 Stealth
 + Level 3.7 Shields


You had 3 spell levels left.
You didn't know any spells.
Your spell library was empty.

Dungeon Overview and Level Annotations

Branches:
Dungeon (3/15)

Altars:
Yredelemnul

Annotations:
D:3 GrimJard's ghost, amateur DrCj


Message History

You closely miss GrimJard's ghost.
GrimJard's ghost is severely damaged.
GrimJard's ghost gestures at you while chanting.
The magic dart hits you.
* * * LOW HITPOINT WARNING * * *
You barely miss GrimJard's ghost.
GrimJard's ghost is severely damaged.
GrimJard's ghost gestures at you while chanting.
The magic dart hits you but does no damage.
GrimJard's ghost closely misses you.
You hit GrimJard's ghost.
GrimJard's ghost is severely damaged.
GrimJard's ghost hits you but does no damage.
You slash GrimJard's ghost!
GrimJard's ghost is almost destroyed.
GrimJard's ghost points at you and mumbles some strange words.
The magic dart hits you.
* * * LOW HITPOINT WARNING * * *
You hit GrimJard's ghost but do no damage.
GrimJard's ghost is almost destroyed.
GrimJard's ghost gestures at you while chanting.
The magic dart hits you.
* * * LOW HITPOINT WARNING * * *
You block GrimJard's ghost's attack.
Okay, then.
Okay, then.
You closely miss GrimJard's ghost.
GrimJard's ghost is almost destroyed.
GrimJard's ghost points at you and mumbles some strange words.
The magic dart hits you.
* * * LOW HITPOINT WARNING * * *
You hit GrimJard's ghost.
GrimJard's ghost is almost destroyed.
GrimJard's ghost hits you.
* * * LOW HITPOINT WARNING * * *
You hit GrimJard's ghost but do no damage.
GrimJard's ghost is almost destroyed.
GrimJard's ghost points at you and mumbles some strange words.
The magic dart hits you!
You die...

#.##†# ##### .
#.##.#######
≈≈§.####....†......
............#######
#########...#
##.........#
##..######..#
#...######..#
#.@.........#
##W#######... #.~.#
..## #.~.# ...
#.≈.# #.~.# #.[.#
#####


You could see GrimJard's ghost.

Vanquished Creatures
  Crazy Yiuf (D:2)
  2 adders (D:2)
  2 dart slugs (D:2)
  4 bats
  8 endoplasms
  A giant cockroach (D:2)
  A goblin (D:1)
  5 hobgoblins
  3 quokkas
  3 ball pythons
  A frilled lizard (D:3)
  3 kobolds
  5 rats
39 creatures vanquished.

Vanquished Creatures (others)
  2 plants (D:3)
2 creatures vanquished.

Grand Total: 41 creatures vanquished

Notes
Turn   | Place    | Note
-------+----------+-------------------------------------------
     0 | D:1      | Arzdou the Hill Orc Fighter began the quest for the Orb.
     0 | D:1      | Reached XP level 1. HP: 19/19 MP: 1/1
   259 | D:1      | Reached XP level 2. HP: 27/27 MP: 2/2
   813 | D:2      | Reached XP level 3. HP: 33/33 MP: 3/3
  1036 | D:2      | Found a runed translucent door.
  1037 | D:2      | Noticed Crazy Yiuf
  1044 | D:2      | Killed Crazy Yiuf
  1045 | D:2      | Reached XP level 4. HP: 40/40 MP: 4/4
  1291 | D:3      | Found a basalt altar of Yredelemnul.
  1434 | D:3      | Found a runed translucent door.
  1439 | D:3      | Noticed GrimJard's ghost (amateur DrCj)
  1463 | D:3      | HP: 2/40 [GrimJard's ghost/magic dart (2)]
  1465 | D:3      | Killed from afar by GrimJard's ghost

Illustrated notes

Levels and vault maps discovered:
D:1:      dpeg_arrival_oval, layout_loops_cross, hangedman_decor_growths
D:2:      layout_rooms, uniq_crazy_yiuf_cottage
D:3:      layout_loops_ring, mainiacjoe_overflow_boulevard,
          shapermc_ecumenical_altar_starsandcircs,
          ebering_ghost_reflecting_pool, st_stairs_2, serial_park_tiny_2,
          dk_noncrumbling_2, serial_bayou_pond_b

Skill      XL: |  1  2  3 |
---------------+----------+-----
Axes           | 3 4 |  4.7
Fighting       | 4 |  4.1
Armour         | |  3.8
Dodging        | |  0.1
Stealth        | |  0.1
Shields        | |  3.7

Action                     |  1- 3 |  4- 6 || total
---------------------------+-------+-------++-------
  Melee: War axe           |    75 |    42 ||   117
 Armour: Scale mail        |    31 |    16 ||    47
  Dodge: Dodged            |    35 |    11 ||    46
  Block: Buckler           |    23 |     7 ||    30

Table legend: (Time is in decaauts)
 A = Elapsed time spent in this place.
 B = Non-inter-level travel time spent in this place.
 C = Inter-level travel time spent in this place.
 D = Time resting spent in this place.
 E = Time spent auto-exploring this place.
 F = Levels seen in this place.
 G = Mean time per level.
                   A        B        C        D        E       F      G
               +--------+--------+--------+--------+--------+-----+--------+
         Total |   1512 |   1453 |     59 |      0 |   1105 |   3 |  504.0 |
       Dungeon |   1512 |   1453 |     59 |      0 |   1105 |   3 |  504.0 |
               +--------+--------+--------+--------+--------+-----+--------+

Top non-repeatable levels by time:
     D:1: 764 daAuts
     D:2: 564 daAuts
     D:3: 184 daAuts
